 Dungeon Crawl Stone Soup version 0.30-a0-12-gd8047c6341 (webtiles) character file.

Game seed: 13918220953746324486

10670 SensoryNuts the Cleaver (level 11, -2/94 HPs)
             Began as a White Draconian Fighter on Aug 23, 2022.
             Was an Initiate of Gozag.
             Slain by a large slime creature (36 damage)
             ... on level 12 of the Dungeon.
             The game lasted 00:16:24 (14945 turns).

SensoryNuts the Cleaver (White Draconian Fighter)  Turns: 14945, Time: 00:16:26

Health: -2/94      AC:  8    Str: 13    XL:     11   Next: 39%
Magic:  0/3        EV: 16    Int: 11    God:    Gozag
Gold:   258        SH:  7    Dex: 24    Spells: 10/10 levels left

rFire   . . .      SeeInvis +    c - +7 hand axe of Yrrer {antimagic, rCorr Str-5 Int+3 Dex+4}
rCold   + + .      Faith    .    b - +0 buckler
rNeg    . . .      Spirit   +    (body armour unavailable)
rPois   .          Reflect  .    (helmet restricted)
rElec   .          Harm     .    B - scarf {repulsion}
rCorr   +          Rampage  .    r - +0 pair of gloves
Will    .....                    (no boots)
Stlth   ++++......               n - amulet of guardian spirit
HPRegen 0.25/turn                p - ring of protection from cold
MPRegen 0.08/turn                y - ring of see invisible

@: gold aura, repel missiles, unable to read
A: breathe frost, AC +7, unfitting armour, cold resistance 1, cold-blooded, thin
skeletal structure 1, agile 1, inability to read after injury 1
a: Breathe Frost, Renounce Religion, Potion Petition, Call Merchant, Bribe
Branch


You were on level 12 of the Dungeon.
You worshipped Gozag.
Gozag was aware of your devotion.
You visited 2 branches of the dungeon, and saw 13 of its levels.
You also visited: Ossuary.

You collected 1701 gold pieces.
You spent 132 gold pieces at shops.
You paid 1311 gold pieces to Gozag.

Inventory:

Hand Weapons
 a - a +1 war axe of protection
 c - the +7 hand axe of Yrrer (weapon) {antimagic, rCorr Str-5 Int+3 Dex+4}
   (You took it off an orc wizard on level 8 of the Dungeon)

   It reduces the magical energy of the wielder, and disrupts the spells and
   magical abilities of those it strikes.
   Natural abilities and divine invocations are not affected.
   Str:       It affects your strength (-5).
   Int:       It affects your intelligence (+3).
   Dex:       It affects your dexterity (+4).
   rCorr:     It protects you from acid and corrosion.
Armour
 b - a +0 buckler (worn)
 r - a +0 pair of gloves (worn)
 B - a scarf of repulsion (worn)
Jewellery
 n - an amulet of guardian spirit (around neck)
 p - a ring of protection from cold (left hand)
 y - a ring of see invisible (right hand)
 A - an amulet of magic regeneration
Wands
 g - a wand of flame (68)
 h - a wand of acid (5)
 v - a wand of roots (9)
 C - a wand of mindburst (15)
 D - a wand of paralysis (3)
Scrolls
 d - 4 scrolls of identify
 f - 4 scrolls of immolation
 k - 6 scrolls of butterflies
 l - 2 scrolls of noise
 m - 2 scrolls of vulnerability
 o - 4 scrolls of blinking
 q - 2 scrolls of torment
 s - 2 scrolls of fear
 t - 4 scrolls of teleportation
 G - 2 scrolls of amnesia
Potions
 e - 3 potions of flight
 i - 2 potions of mutation
 j - 5 potions of lignification
 u - a potion of berserk rage {unknown}
 w - a potion of magic
 x - a potion of resistance
 z - 2 potions of cancellation
 E - 2 potions of brilliance
 F - 2 potions of ambrosia


   Skills:
 + Level 8.2 Fighting
 * Level 14.1 Axes
 + Level 6.2 Dodging
 + Level 4.8 Stealth
 + Level 5.3 Shields


You had 10 spell levels left.
You didn't know any spells.
Your spell library contained the following spells:

 Spells                   Type           Power      Damage    Failure   Level
 Foxfire                  Conj/Fire      0%         2x1d4     41%         1
 Poisonous Vapours        Pois/Air       0%         N/A       56%         2
 Conjure Flame            Conj/Fire      0%         6-21      80%         3
 Frozen Ramparts          Ice            0%         1d1       80%         3
 Inner Flame              Hex/Fire       0%         N/A       80%         3
 Airstrike                Air            0%         2d(0-16)  99%         4
 Flame Wave               Conj/Fire      0%         2d4       99%         4
 Ice Form                 Ice/Tmut       0%         N/A       99%         4
 Summon Ice Beast         Ice/Summ       0%         N/A       99%         4
 Summon Lightning Spire   Summ/Air       0%         N/A       99%         4
 Lightning Bolt           Conj/Air       0%         1d11      100%        5
 Corpse Rot               Necr/Pois/Air  Unusable   N/A       N/A         4

Dungeon Overview and Level Annotations

Branches:
Dungeon (12/15)            Temple (1/1) D:6         Ossuary (visited)
   Lair: D:8-11         Orc: D:9-12

Altars:
Ashenzari
Cheibriados
Dithmenos
Elyvilon
Fedhas
Gozag
Hepliaklqana
Kikubaaqudgha
Makhleb
Nemelex Xobeh
Okawaru
Qazlal
Ru
Sif Muna
Trog
Uskayaw
Vehumet
Wu Jian
Xom
Yredelemnul
Zin
The Shining One

Shops:
D:6 *

Annotations:
D:7 4 runed translucent doors


Innate Abilities, Weirdness & Mutations

You can breathe waves of freezing cold which knock back foes.
Your icy white scales are hard. (AC +7)
You cannot fit into any form of body armour.
Your flesh is cold resistant. (rC+)
You are cold-blooded and may be slowed by cold attacks.
You have a somewhat thin skeletal structure. (Dex +2, Stealth+)
You are agile. (Dex +4, Str/Int -1)
You occasionally lose the ability to read scrolls when taking damage.


Message History

You are too injured to fight recklessly!
Unknown command.
You are too injured to fight recklessly!
You are too injured to fight recklessly!
You are too injured to fight recklessly!
You slash the large slime creature!
The large slime creature is heavily wounded.
You hit the slime creature. You slash the slime creature!
You hit the large slime creature but do no damage.
The large slime creature is heavily wounded.
You hit the slime creature but do no damage.
You hit the slime creature. The slime creature closely misses you.
The slime creature hits you.
You block the large slime creature's attack.
You slash the large slime creature!
The large slime creature is severely wounded.
You hit the slime creature. x2; The slime creature misses you.
The slime creature hits you.
The large slime creature completely misses you.
You slash the large slime creature!
The large slime creature is severely wounded.
You hit the slime creature. You slash the slime creature!
You hit the large slime creature.
The large slime creature is severely wounded.
You hit the slime creature. x2
The slime creature completely misses you.
The slime creature barely misses you.
You block the large slime creature's attack.
You hit the large slime creature.
The large slime creature is severely wounded.
You hit the slime creature. x2
You slash the large slime creature!
The large slime creature is almost dead.
You hit the slime creature.
You kill the slime creature!
You hit the slime creature. You block the slime creature's attack.
The large slime creature hits you!!!
You feel threatened and lose the ability to read scrolls!
You die...
Your body crumbles into a pile of gold.

.D...................
.......####.............
....... #.....####...#
....... #.....# #...#
....... #.....# #...#
....... ##.....## #...#
.......###.......###...#
........................
......$@################
..>...JJ# ........#
........# ........#
........# ........#
.........


You could see a large slime creature and a slime creature.

Vanquished Creatures
  A rakshasa (D:10)
  3 two-headed ogres
  Pikel (D:9)
  Maurice (D:9)
  A kobold demonologist (D:9)
  A komodo dragon (D:10)
  Psyche (D:9)
  A troll (D:9)
  2 slime creatures
  A shadow (D:10)
  3 wraiths
  4 yaks (D:10)
  A wyvern (D:9)
  2 steam dragons (D:6)
  3 vampire mosquitoes
  An acid dragon (D:10)
  A water moccasin (D:7)
  3 orc warriors
  3 ice beasts
  A sky beast (D:7)
  A black bear (D:5)
  2 ogres (D:7)
  2 centaurs
  3 phantoms
  2 kobold brigands
  A gnoll sergeant (D:5)
  2 necrophages (D:6)
  A bullfrog (D:8)
  4 scorpions
  5 wights (D:7)
  16 killer bees
  5 howler monkeys
  3 hounds
  6 orc priests
  2 jellies
  6 iguanas
  9 orc wizards
  4 hound zombies (Ossuary)
  4 mummies (Ossuary)
  Robin (D:1)
  7 gnolls
  2 adders
  A shadow imp (D:7)
  2 worms
  3 dart slugs
  41 orcs
  4 ball pythons
  10 endoplasms
  6 giant cockroaches
  2 gnoll zombies (Ossuary)
  19 goblins
  12 hobgoblins
  10 jackals
  5 quokkas
  7 bats
  2 frilled lizards
  A goblin zombie (Ossuary)
  A hobgoblin zombie (Ossuary)
  A jackal zombie (Ossuary)
  22 kobolds
  An orc zombie (Ossuary)
  10 rats
  2 rat zombies (Ossuary)
285 creatures vanquished.

Vanquished Creatures (others)
  A bullfrog (D:6)
  An orc (D:8)
2 creatures vanquished.

Grand Total: 287 creatures vanquished

Notes
Turn   | Place    | Note
-------+----------+-------------------------------------------
     0 | D:1      | SensoryNuts the Draconian Fighter began the quest for the
                  | Orb.
     0 | D:1      | Reached XP level 1. HP: 19/19 MP: 1/1
   285 | D:1      | Reached XP level 2. HP: 17/26 MP: 2/2
   863 | D:1      | Reached XP level 3. HP: 28/33 MP: 3/3
  1147 | D:1      | Gained mutation: Your magical capacity is low. (-10% MP)
                  | [potion of mutation]
  1269 | D:2      | Noticed Robin
  1280 | D:1      | Reached skill level 3 in Axes
  1678 | D:1      | Killed Robin
  1864 | D:2      | Found a faded altar of an unknown god.
  1882 | D:2      | Reached XP level 4. HP: 33/40 MP: 3/3
  2973 | D:3      | Found a shadowy altar of Dithmenos.
  3020 | D:3      | Found a faded altar of an unknown god.
  3021 | D:3      | Found a faded altar of an unknown god.
  3023 | D:3      | Found a hazy altar of Hepliaklqana.
  3441 | D:3      | Reached skill level 4 in Axes
  3902 | D:4      | Reached XP level 5. HP: 39/46 MP: 4/4
  4021 | D:4      | Noticed a phantom
  4026 | D:4      | Killed a phantom
  4194 | D:4      | Found a glowing silver altar of Zin.
  4225 | D:4      | Reached skill level 5 in Axes
  4282 | D:4      | Reached XP level 6. HP: 52/52 MP: 5/5
  4354 | D:4      | Found a sparkling altar of Nemelex Xobeh.
  4604 | D:5      | Entered Level 5 of the Dungeon
  4637 | D:5      | Noticed an ice beast
  4658 | D:4      | Killed an ice beast
  4839 | D:5      | Reached skill level 6 in Axes
  4839 | D:5      | Your scales start taking on an icy white colour.
  4839 | D:5      | Reached XP level 7. HP: 45/60 MP: 4/6
  4839 | D:5      | Gained mutation: Your flesh is cold resistant. (rC+) [White
                  | Draconian growth]
  4862 | D:4      | HP: 3/60 [poisoned by an orc]
  5296 | D:5      | Reached skill level 7 in Axes
  5890 | D:5      | Reached skill level 5 in Fighting
  6117 | D:5      | Found a snail-covered altar of Cheibriados.
  6119 | D:5      | Lost mutation: Your magical capacity is low. (-10% MP)
                  | [potion of mutation]
  6119 | D:5      | Gained mutation: You are agile. (Dex +4, Str/Int -1)
                  | [potion of mutation]
  6119 | D:5      | Gained mutation: You occasionally lose the ability to read
                  | scrolls when taking damage. [potion of mutation]
  6119 | D:5      | Gained mutation: You have a somewhat thin skeletal
                  | structure. (Dex +2, Stealth+) [potion of mutation]
  6180 | D:6      | Reached skill level 1 in Stealth
  6180 | D:6      | Reached XP level 8. HP: 63/68 MP: 5/8
  6261 | D:6      | Reached skill level 8 in Axes
  6352 | D:6      | Found a broken altar of Ashenzari.
  6748 | D:6      | Reached skill level 9 in Axes
  7067 | D:6      | Found a staircase to the Ecumenical Temple.
  7195 | D:6      | Found Uppoluh's Neck Hole.
  7202 | D:6      | Bought a scarf of repulsion for 132 gold pieces
  7246 | D:6      | Found a bloodstained altar of Trog.
  7467 | Temple   | Entered the Ecumenical Temple
  7676 | Temple   | Became a worshipper of Gozag Ym Sagoz the Greedy
  7795 | D:7      | Reached XP level 9. HP: 50/75 MP: 7/9
  7965 | D:7      | Found an iron altar of Okawaru.
  7977 | D:7      | Reached skill level 10 in Axes
  8244 | D:7      | Found a huge runed translucent gate.
  8244 | D:7      | Found a huge runed translucent gate.
  8244 | D:7      | Found a huge runed translucent gate.
  8244 | D:7      | Found a huge runed translucent gate.
  8244 | D:7      | Noticed a polar bear
  8244 | D:7      | Noticed a polar bear
  8245 | D:7      | Noticed a polar bear
  8245 | D:7      | Noticed a polar bear
  8245 | D:7      | Noticed a polar bear
  8245 | D:7      | Noticed a polar bear
  8256 | D:7      | Found a white marble altar of Elyvilon.
  8845 | D:8      | Reached skill level 5 in Dodging
  8845 | D:8      | Identified the +7 hand axe of Yrrer {antimagic, rCorr Str-5
                  | Int+3 Dex+4}
  8876 | D:8      | Reached skill level 11 in Axes
  9221 | D:8      | Found a sand-covered staircase.
  9228 | Ossuary  | Entered an ossuary
  9932 | D:8      | Noticed a two-headed ogre
 10189 | D:8      | Killed a two-headed ogre
 10190 | D:8      | Reached skill level 12 in Axes
 10190 | D:8      | Reached XP level 10. HP: 26/84 MP: 3/10
 10612 | D:8      | Found a radiant altar of Vehumet.
 10758 | D:9      | Noticed Pikel
 10770 | D:9      | Killed Pikel
 10836 | D:9      | Noticed Psyche
 10839 | D:9      | Noticed Maurice
 10845 | D:9      | Killed Psyche
 10857 | D:9      | Killed Maurice
 10997 | D:9      | Noticed a sixfirhy
 11129 | D:9      | Reached skill level 13 in Axes
 11145 | D:9      | Noticed a two-headed ogre
 11181 | D:9      | Killed a two-headed ogre
 11834 | D:9      | Reached skill level 5 in Shields
 12119 | D:10     | Entered Level 10 of the Dungeon
 12137 | D:10     | Noticed a two-headed ogre
 12137 | D:10     | Noticed a two-headed ogre
 12153 | D:10     | Noticed a rakshasa
 12624 | D:10     | HP: 4/88 [rakshasa/+0 long sword (14)]
 12637 | D:10     | HP: 2/88 [rakshasa/+0 long sword (10)]
 12648 | D:10     | Killed a rakshasa
 12649 | D:10     | Reached XP level 11. HP: 10/94 MP: 1/11
 13008 | D:10     | Found a hide-covered altar of Uskayaw.
 13059 | D:10     | Noticed a two-headed ogre
 13382 | D:10     | Killed a two-headed ogre
 13703 | D:10     | Reached skill level 14 in Axes
 13867 | D:10     | Found a stormy altar of Qazlal.
 14431 | D:11     | Noticed a boulder beetle
 14438 | D:11     | Noticed a two-headed ogre
 14911 | D:12     | Noticed a four-headed hydra
 14945 | D:12     | Slain by a large slime creature

Illustrated notes

Levels and vault maps discovered:
D:1:      dpeg_arrival_three_smaller_balls, layout_rooms,
          roderic_serpentine_path, dk_noncrumbling_3
D:2:      layout_basic, hellmonk_ecumenical_altar_blasted,
          minmay_worlds_worst_comb, uniq_robin
D:3:      cheibrodos_helix_gallery, layout_loops_corners,
          nicolae_hepliaklqana_ecumenical_no_more, mainiacjoe_overflow_alcove_1
D:4:      layout_basic, kennysheep_mini_moat, nemelex_dance_club_becter
D:5:      layout_basic, kennysheep_mini, serial_park_tiny_1
D:6:      layout_gridville, lemuel_crystal_altar, trog_hazing_becter,
          minmay_temple_entry_proselytizer, nicolae_shop_sticking_my_neck_out
D:7:      lemuel_bear_cage, layout_loops_cross, mainiacjoe_overflow_catwalk,
          mainiacjoe_overflow_24_doors
D:8:      layout_basic, nicolae_overflow_hidden_temple, serial_glass,
          glass_columns_c, glass_columns_b, glass_columns_a, glass_columns_a,
          chequers_ossuary_entry_cave, chequers_mini_garden
D:9:      layout_loops_ring, minmay_diced_spiral, uniq_pikel, uniq_psyche,
          uniq_maurice
D:10:     layout_basic, lemuel_crystal_altar, minmay_ruined_shrine
D:11:     layout_cave_pools, david_lair_shrubbed, hiddenorc1_lemuel,
          kennysheep_decorative_pillar, tso_altar, uniq_grum, uniq_fannar
D:12:     nzn_winding_woodlands_small [nzn_winding_woodlands_5x15_pool,
          nzn_winding_woodlands_center_lodge,
          nzn_winding_woodlands_5x15_jagged], layout_long_grid,
          hellmonk_guarded_unrand_frostbite, uniq_nergalle
Temple:   minmay_temple_curvy_loop

Skill      XL: |  1  2  3  4  5  6  7  8  9 10 11 |
---------------+----------------------------------+-----
Axes           | 3 4 5 6 7 9 12 13 14 | 14.1
Dodging        | 3 4 5 6 |  6.2
Fighting       | 4 5 6 7 8 |  8.2
Stealth        | 1 2 4 |  4.8
Shields        | 4 5 |  5.3

Action                   |  1- 3 |  4- 6 |  7- 9 | 10-12 || total
-------------------------+-------+-------+-------+-------++-------
Melee: War axe           |   122 |   183 |   400 |       ||   705
       Tailslap          |    18 |    14 |    58 |    53 ||   143
       Hand axe          |       |       |       |   316 ||   316
Invok: Potion Petition   |       |       |       |     3 ||     3
 Abil: Breathe Frost     |       |       |     6 |     7 ||    13
  Use: Scroll            |     6 |     4 |     7 |     3 ||    20
       Potion            |     5 |     4 |     5 |     7 ||    21
 Stab: Sleeping          |       |     3 |     8 |     7 ||    18
       Distracted        |       |       |     1 |     4 ||     5
       Invisible         |       |       |       |     5 ||     5
Armor: Skin              |    50 |    76 |   139 |    21 ||   286
Dodge: Dodged            |    95 |    85 |   219 |   154 ||   553
       Repelled          |       |       |     1 |       ||     1
Block: Buckler           |    35 |    42 |    83 |    72 ||   232

Table legend: (Time is in decaauts)
 A = Elapsed time spent in this place.
 B = Non-inter-level travel time spent in this place.
 C = Inter-level travel time spent in this place.
 D = Time resting spent in this place.
 E = Time spent auto-exploring this place.
 F = Levels seen in this place.
 G = Mean time per level.
                   A        B        C        D        E       F      G
               +--------+--------+--------+--------+--------+-----+--------+
         Total |  14982 |  14205 |    777 |      0 |  11738 |  14 | 1070.1 |
       Dungeon |  14472 |  13752 |    720 |      0 |  11412 |  12 | 1206.0 |
        Temple |    257 |    200 |     57 |      0 |    195 |   1 |  257.0 |
       Ossuary |    252 |    252 |      0 |      0 |    131 |   1 |  252.0 |
               +--------+--------+--------+--------+--------+-----+--------+

Top non-repeatable levels by time:
     D:1: 1877 daAuts
    D:10: 1855 daAuts
     D:9: 1755 daAuts
     D:8: 1721 daAuts
     D:6: 1355 daAuts
     D:4: 1223 daAuts
     D:2: 1153 daAuts
     D:5: 1125 daAuts
     D:7: 1005 daAuts
     D:3: 924 daAuts
    D:12: 456 daAuts
  Temple: 257 daAuts
 Ossuary: 252 daAuts
    D:11: 15 daAuts
